 Dungeon Crawl Stone Soup version 0.17-a0-129-g9432df0 (webtiles) character file.

327 Kisielow the Skirmisher (level 6, -7/56 HPs)
             Began as a Hill Orc Fighter on Mar 24, 2015.
             Killed from afar by Dowan (27 damage)
             ... with a shard of ice
             ... on level 4 of the Dungeon.
             The game lasted 00:10:46 (3069 turns).

Kisielow the Skirmisher (Hill Orc Fighter)          Turns: 3069, Time: 00:10:48

Health: -7/56      AC: 11    Str: 21    XL:     6   Next: 50%
Magic:  6/6        EV:  5    Int:  8    God:
Gold:   74         SH:  9    Dex: 10    Spells: 0 memorised, 5 levels left

rFire  . . .     SeeInvis .     a - +1 war axe
rCold  . . .     Clarity  .     q - +0 chain mail
rNeg   . . .     SustAb   +     c - +0 shield
rPois  .         Gourm    .     (no helmet)
rElec  .         Spirit   .     (no cloak)
rCorr  .         Warding  .     (no gloves)
rMut   .         Stasis   .     l - +0 pair of boots
MR     .....                    (no amulet)
Stlth  ..........               (no ring)
                                g - ring of sustain abilities

@: not resistant to hostile enchantments, extremely unstealthy
A: no striking features
a: no special abilities


You were on level 4 of the Dungeon.
You were hungry.

You visited 1 branch of the dungeon, and saw 5 of its levels.

You collected 74 gold pieces.

Inventory:

Hand weapons
 a - a +1 war axe (weapon)
 p - a +1 great sword of slicing
Armour
 c - a +0 shield (worn)
 l - a +0 pair of boots (worn)
 m - a +1 leather armour of poison resistance
 q - a +0 chain mail (worn)
Jewellery
 g - a ring of sustain abilities (left hand)
Scrolls
 h - 6 scrolls of identify
 n - 2 scrolls of magic mapping
Potions
 e - a potion of might
Comestibles
 d - 2 meat rations
 o - a bread ration


   Skills:
 * Level 5.1 Fighting
 * Level 5.0 Axes
 * Level 5.0 Armour
 + Level 4.5 Shields


You had 5 spell levels left.
You didn't know any spells.

Dungeon Overview and Level Annotations

Branches:
Dungeon (5/15)
 Temple: D:4-7

Altars:
Dithmenos

Annotations:
D:4 Dowan


Message History

Things that are here:
a short sword; a wand of enslavement {zapped: 10}; the elf corpse of Duvessa Drink which item? (? for menu, Esc to quit)
You feel much better. You block Dowan's attack.
You hit Dowan!
Dowan is heavily wounded.
You block Dowan's attack. x2
You closely miss Dowan.
Dowan is heavily wounded.
Dowan closely misses you. Dowan hits you but does no damage.
You hit Dowan.
Dowan is heavily wounded.
You block Dowan's attack. Dowan hits you but does no damage.
You closely miss Dowan.
Dowan is heavily wounded.
Dowan casts a spell at you. The stone arrow hits you!
Dowan gestures at you while chanting. The shard of ice hits you!
You die...

#...# #...# #...## #
#....########## ##### #
#......>......####...#####
#...#)######.....##.......
###.....# #.b.....b......
###.#.#########a.#......
#.#.e@#### ##b.b.....
#.###....# *##.bb.b.. #.#
####.#***.......>.
#.#****#..F...##......
#.#,,,,..............†
*#.#,,,.........##....#
*,.,,,.e...........##.#
*****,,,,..e....!#.........
**,,,,,*,.......?...........


You could see Dowan and a giant frog (wandering).

Vanquished Creatures
  Duvessa (D:4)
  An iguana (D:4)
  An orc priest (D:4)
  An orc wizard (D:3)
  A worker ant (D:5)
  4 adders (D:2)
  A giant mite (D:3)
  3 worms
  2 giant geckos
  An ooze (D:1)
  5 orcs
  2 ball pythons
  9 bats
  5 giant cockroaches
  12 goblins
  8 hobgoblins
  9 jackals (D:2)
  9 giant newts
  A jackal skeleton (D:4)
  4 kobolds
  6 rats
86 creatures vanquished.

Vanquished Creatures (others)
  A butterfly (D:4)
1 creature vanquished.

Grand Total: 87 creatures vanquished

Notes
Turn   | Place    | Note
--------------------------------------------------------------
     0 | D:1      | Kisielow, the Hill Orc Fighter, began the quest for the Orb.
     0 | D:1      | Reached XP level 1. HP: 19/19 MP: 1/1
     9 | D:1      | Reached XP level 2. HP: 18/27 MP: 2/2
    87 | D:1      | Reached skill level 4 in Fighting
   626 | D:2      | Found a shadowy altar of Dithmenos.
   633 | D:1      | Reached XP level 3. HP: 30/33 MP: 3/3
  1352 | D:2      | Reached XP level 4. HP: 34/41 MP: 4/4
  2282 | D:2      | Reached XP level 5. HP: 37/47 MP: 5/5
  2837 | D:4      | Reached XP level 6. HP: 33/55 MP: 6/6
  3006 | D:5      | Entered Level 5 of the Dungeon
  3012 | D:5      | Reached skill level 5 in Fighting
  3025 | D:4      | Noticed Duvessa
  3027 | D:4      | Noticed Dowan
  3063 | D:4      | Killed Duvessa
  3063 | D:4      | Reached skill level 5 in Axes
  3063 | D:4      | Reached skill level 5 in Armour
  3069 | D:4      | Killed from afar by Dowan

Action                   |  1- 3 |  4- 6 || total
-------------------------+-------+-------++-------
Melee: War axe           |   139 |   214 ||   353
  Use: Scroll            |       |     8 ||     8
       Potion            |       |     1 ||     1
  Eat: Chunk             |     2 |     5 ||     7
